Map: Pillars of Gold LE

Players

AqueroN

  • Race: Terran Terran
  • League: Grandmaster
  • Spawn Location: 7:00

LiquidClem (Clem) - Winner!

  • Race: Terran Terran
  • League: Grandmaster
  • Spawn Location: 1:00

Event: DreamHack SC2 Masters 2020 Winter

VOD

Have the link to the VOD?

Description

Time

  • Played on: Oct. 27, 2020, 3:08 p.m.
  • Length: 12:29

All games in this series

Show
View Real Time Build Order
Export as new Build Order

AqueroN Terran 

Build Orders: Liberator Opening 

Get SALT Encoding   

  12  0:00  SCV  
  13  0:12  SCV  
  14  0:18  Supply Depot  
  14  0:24  SCV  
  15  0:29  Refinery  
  15  0:40  SCV  
  16  0:46  Barracks  
  16  0:52  SCV  
  16  0:57  Refinery  
  18  1:04  SCV  
  18  1:16  SCV  
  19  1:33  Reaper, Orbital Command  
  19  1:39  Factory  
  20  1:48  Supply Depot  
  20  1:58  SCV  
  21  2:06  Barracks Reactor  
  21  2:11  SCV  
  22  2:23  SCV, Hellion  
  25  2:32  Starport  
  25  2:35  SCV  
  26  2:37  Supply Depot  
  26  2:42  Reaper x2  
  28  2:45  Hellion  
  28  2:47  SCV  
  31  2:59  SCV  
  32  3:06  Supply Depot, Hellion  
  32  3:12  Medivac  
  36  3:14  Reaper x2  
  38  3:24  SCV  
  39  3:29  Hellion  
  39  3:33  Supply Depot  
  41  3:43  Liberator  
  41  3:47  Reaper  
  45  3:50  Hellion  
  45  3:55  Reaper  
  48  4:04  Command Center  
  47  4:15  Factory Tech Lab  
  47  4:18  SCV  
  47  4:19  Marine  
  47  4:24  Supply Depot  
  49  4:27  Marine  
  49  4:30  Starport Tech Lab  
  50  4:32  SCV  
  50  4:37  Marine  
  52  4:44  SCV  
  52  4:45  Marine, Siege Tank  
  57  4:54  Supply Depot  
  57  5:11  Marine x2  
  57  5:12  Raven  
  57  5:13  SCV  
  61  5:28  Orbital Command, Siege Tank  
  64  5:29  SCV, Marine x2  
  64  5:31  Refinery  
  66  5:42  SCV  
  67  5:53  Supply Depot  
  67  5:54  SCV x2  
  69  6:03  Command Center  
  69  6:04  Viking  
  69  6:09  Viking  
  73  6:12  SCV  
  73  6:13  SCV  
  75  6:19  Siege Tank  
  75  6:24  SCV  
  75  6:25  SCV  
  80  6:30  Supply Depot  
  80  6:36  SCV  
  80  6:37  SCV, Viking  
  84  6:40  Viking  
  84  6:44  Supply Depot  
  86  6:49  SCV x2  
  86  6:52  Siege Tank  
  90  6:58  Marine  
  91  7:01  SCV x2  
  91  7:07  Supply Depot  
  93  7:08  Supply Depot  
  93  7:09  Viking  
  93  7:12  Viking  
  97  7:16  Marine  
  97  7:19  SCV x2  
  100  7:26  Siege Tank  
  103  7:31  SCV x2  
  103  7:34  Orbital Command  
  105  7:39  Viking  
  105  7:43  SCV x2  
  109  7:46  Viking  
  109  7:50  Barracks  
  111  7:51  Barracks  
  111  7:55  SCV x2  
  111  8:05  SCV  
  111  8:07  SCV  
  111  8:08  SCV  
  111  8:10  Viking, Siege Tank  
  118  8:17  SCV  
  118  8:19  Viking  
  120  8:20  SCV x2  
  121  8:27  Supply Depot, Engineering Bay  
  121  8:28  Engineering Bay  
  121  8:29  SCV  
  121  8:32  SCV  
  121  8:38  SCV  
  121  8:40  Marine  
  111  8:42  SCV, Viking  
  111  8:47  SCV  
  97  8:49  Viking  
  97  8:50  SCV  
  97  8:52  Siege Tank  
  97  8:54  SCV  
  104  8:58  Marine  
  104  8:59  Barracks Reactor, SCV  
  104  9:02  Barracks Reactor, SCV, Barracks  
  107  9:03  Barracks  
  107  9:12  SCV x2  
  107  9:14  Refinery  
  107  9:15  SCV, Refinery  
  107  9:16  Refinery  
  110  9:18  Marine  
  110  9:21  Stimpack  
  111  9:24  SCV x2, Supply Depot  
  111  9:25  Supply Depot  
  112  9:42  SCV x2  
  112  9:43  Marine, Siege Tank  
  112  9:44  Marine x4  
  118  9:48  SCV  
  119  9:54  SCV x2, Command Center  
  121  10:01  Barracks Reactor, Marine x3  
  121  10:02  Barracks Reactor, Marine  
  121  10:03  Terran Infantry Weapons Level 1, Terran Infantry Armor Level 1  
  121  10:07  SCV x3, Supply Depot  
  126  10:09  Supply Depot  
  127  10:15  Siege Tank  
  127  10:20  Marine x5  
  135  10:27  Supply Depot, Sensor Tower  
  135  10:28  Factory  
  135  10:38  Marine x5  
  135  10:40  Marine x4  
  135  10:41  Missile Turret  
  135  10:42  Missile Turret  
  144  10:45  Missile Turret  
  142  10:52  Siege Tank  
  142  10:53  Medivac  
  142  10:54  Medivac  
  142  10:56  Marine x5  
  154  10:57  Marine  
  154  10:58  Marine  
  154  10:59  Barracks  
  154  11:00  Combat Shield, Barracks  
  154  11:01  Barracks  
  156  11:07  Marine x2  
  156  11:10  SCV x3  
  160  11:13  Marine x2, Factory Tech Lab  
  160  11:14  Marine x2  
  164  11:18  Command Center  
  164  11:24  Siege Tank  
  167  11:29  Missile Turret  
  167  11:32  Marine x3  
  170  11:35  Marine x2  
  170  11:36  Marine  
  170  11:37  Marine, Siege Tank  
  171  11:46  Marine x2  
  173  11:47  Planetary Fortress  
  173  11:51  Marine x3  
  173  11:52  Marine  
  177  11:56  Siege Tank  
  168  12:06  Marine  
  137  12:10  Marine x3  
  136  12:16  Barracks Reactor x3  
Show
View Real Time Build Order
Export as new Build Order

LiquidClem Terran - Winner!

Build Orders:  

Get SALT Encoding   

  12  0:00  SCV  
  13  0:12  SCV  
  14  0:17  Supply Depot  
  14  0:24  SCV  
  15  0:39  SCV, Barracks  
  16  0:44  Refinery  
  16  0:51  SCV  
  16  0:56  Refinery  
  17  1:03  SCV  
  18  1:15  SCV  
  19  1:26  Reaper  
  19  1:27  Supply Depot  
  19  1:30  Orbital Command  
  20  1:47  Factory  
  20  1:55  SCV  
  20  1:59  Reaper  
  22  2:07  SCV  
  23  2:19  SCV  
  24  2:27  Command Center  
  24  2:33  Hellion  
  24  2:36  Barracks Reactor  
  26  2:38  SCV  
  27  2:47  Starport  
  27  2:54  Widow Mine  
  27  2:55  SCV  
  30  3:00  Supply Depot  
  30  3:07  SCV  
  31  3:17  Factory Tech Lab  
  31  3:19  Bunker  
  31  3:21  Marine x2  
  31  3:22  SCV  
  34  3:28  Starport Tech Lab  
  34  3:35  Cyclone  
  34  3:36  SCV  
  38  3:43  Orbital Command  
  38  3:48  Raven  
  38  3:51  SCV  
  38  3:52  Marine  
  38  3:55  Marine  
  43  4:00  Supply Depot  
  43  4:03  SCV  
  43  4:09  Refinery  
  44  4:10  SCV  
  44  4:15  SCV  
  44  4:16  Siege Tank  
  49  4:19  Marine  
  49  4:20  Marine  
  49  4:24  Supply Depot  
  51  4:26  SCV  
  51  4:28  SCV  
  53  4:38  Marine x2  
  55  4:39  SCV  
  55  4:40  SCV  
  55  4:41  Supply Depot  
  55  4:43  Raven  
  59  4:46  Supply Depot  
  59  4:51  SCV  
  60  4:53  SCV  
  60  4:56  Siege Tank  
  60  4:58  Marine x2  
  66  5:03  SCV  
  67  5:07  SCV  
  67  5:09  Supply Depot  
  68  5:15  SCV  
  68  5:23  Command Center  
  68  5:26  Marine x2  
  70  5:29  Supply Depot  
  70  5:30  Raven  
  70  5:35  Siege Tank  
  74  5:38  SCV x2  
  74  5:40  Refinery  
  76  5:43  Marine  
  76  5:45  Supply Depot  
  76  5:47  Marine  
  78  5:50  SCV x2  
  78  5:55  Supply Depot  
  80  6:02  SCV x2  
  82  6:07  Barracks x2  
  82  6:08  Siege Tank  
  85  6:15  SCV  
  85  6:16  SCV  
  87  6:21  Marine  
  87  6:24  Viking x2  
  92  6:27  Stimpack  
  92  6:29  SCV  
  93  6:34  Supply Depot  
  93  6:35  SCV  
  93  6:39  Marine  
  95  6:41  Siege Tank  
  95  6:44  SCV  
  99  6:47  SCV  
  99  6:54  Engineering Bay x2  
  99  6:56  Barracks Reactor x2, SCV  
  99  7:00  Orbital Command  
  100  7:03  Viking  
  101  7:09  Viking, SCV  
  101  7:11  SCV  
  101  7:13  Marine  
  106  7:16  Siege Tank  
  106  7:21  Terran Infantry Weapons Level 1, Terran Infantry Armor Level 1  
  109  7:24  SCV x2  
  109  7:26  SCV  
  112  7:31  Marine  
  112  7:34  Marine x4  
  112  7:36  SCV  
  118  7:38  Medivac  
  118  7:41  Medivac  
  120  7:44  SCV x2, Missile Turret  
  120  7:48  SCV  
  120  7:49  Marine  
  124  7:51  Barracks  
  124  7:53  Barracks  
  124  7:54  Siege Tank  
  124  7:57  Marine x4  
  124  7:58  Supply Depot  
  131  8:00  SCV x2  
  131  8:01  SCV  
  129  8:06  Marine  
  129  8:07  Supply Depot  
  129  8:08  Combat Shield  
  129  8:14  Medivac, Marine  
  129  8:15  Marine  
  129  8:16  SCV x2, Supply Depot  
  129  8:18  Refinery  
  135  8:20  Marine  
  135  8:21  Refinery, Marine  
  135  8:24  Marine  
  135  8:25  SCV  
  139  8:28  SCV, Supply Depot, Siege Tank  
  139  8:32  Marine x2  
  142  8:41  Marine  
  137  8:46  Marine  
  128  8:51  Barracks Reactor  
  128  8:52  Barracks Reactor  
  128  8:53  Marine  
  123  8:57  Marine  
  123  8:58  Marine x2  
  123  8:59  Armory  
  123  9:00  Command Center, Factory, Siege Tank  
  129  9:04  SCV  
  129  9:05  Marine  
  131  9:11  Supply Depot, Marine  
  131  9:12  Sensor Tower  
  131  9:15  Marine x2  
  131  9:16  Marine  
  135  9:20  Medivac x2  
  135  9:22  Marine  
  140  9:27  Supply Depot  
  140  9:29  Marine x3  
  140  9:30  Marine x2  
  145  9:33  Marine x2  
  145  9:36  Marine  
  147  9:40  Marine  
  147  9:43  Siege Tank  
  151  9:47  Marine x5  
  151  9:49  Supply Depot, Terran Infantry Weapons Level 2  
  151  9:51  Terran Infantry Armor Level 2, Marine  
  157  9:54  Marine  
  157  9:57  Medivac  
  157  9:58  Marine  
  161  10:01  Supply Depot  
  161  10:03  Barracks Reactor  
  161  10:04  Marine, Siege Tank  
  165  10:08  SCV x3, Marine x2  
  168  10:14  Marine x3  
  168  10:15  Marine  
  168  10:16  Marine  
  168  10:17  Siege Tank  
  176  10:24  Refinery  
  176  10:25  Terran Vehicle Weapons Level 1  
  176  10:26  Marine x2  
  176  10:27  Refinery  
  179  10:32  Marine  
  179  10:36  Starport  
  179  10:37  Planetary Fortress, Starport  
  179  10:43  Missile Turret  
  179  10:50  Marine x4, Siege Tank  
  179  10:51  Marine x4  
  179  10:53  Marine x2  
  192  11:00  Viking x2  
  194  11:08  Marine x2  
  194  11:11  SCV  
  194  11:12  SCV x2  
  194  11:16  Starport Reactor x2  
  197  11:19  SCV  
  197  11:21  Command Center  
  197  11:23  SCV  
  195  11:33  Siege Tank  
  195  11:40  Medivac  
  195  11:46  Siege Tank  
  199  11:49  Marine x2  
  199  11:50  Marine  
  199  11:51  Marine x2  
  196  11:56  Marine  
  186  12:03  Marine  
  186  12:05  Marine  
  186  12:06  Marine x3  
  186  12:07  Marine  
  175  12:08  Marine x2  
  175  12:15  Command Center  
Tags
 
Add a new tag
Caveats
  • Supply blocks, unpowered buildings, or Contaminate may cause inaccurate times.
  • Supply counts are checked every 10 seconds.